| TOP OF THE 1ST |
|
Detroit (APP) Tigers batting - Pitching for Seattle (APP) Mariners : RHP Luis Castro
|
|
Pitching: RHP Luis Castro
|
|
|
Batting: RHB Jon Goldstein
|
0-0: Fly out, F9 (Flyball, 9D, EV 99.4 MPH)
|
|
Batting: RHB Brandon O'Malley
|
0-0: Called Strike 0-1: Ball 1-1: Swinging Strike 1-2: Ground out 4-3 (Groundball, 4, EV 79.4 MPH)
|
|
Batting: LHB Jon Pedlar
|
0-0: Swinging Strike 0-1: Foul Ball, location: 2F 0-2: SINGLE (Groundball, 6MD, EV 97.5 MPH)
|
|
Batting: LHB Bill Ford
|
0-0: Fielders Choice at 2nd, 6-4 (Groundball, 6, EV 81.9 MPH)
|
| Top of the 1st over - 0 runs, 1 hit, 0 errors, 1 left on base; Detroit (APP) 0 - Seattle (APP) 0 |
| BOTTOM OF THE 1ST |
|
Seattle (APP) Mariners batting - Pitching for Detroit (APP) Tigers : RHP Andy Strange
|
|
Pitching: RHP Andy Strange
|
|
|
Batting: RHB Kikuo Sato
|
0-0: Ball 1-0: Ball 2-0: Called Strike 2-1: SINGLE (Groundball, 56S, EV 69.4 MPH) (infield hit)
|
|
Batting: RHB Mike Conaway
|
0-0: Ball Kikuo Sato steals 2nd base 1-0: Called Strike 1-1: Foul Ball, location: 2F 1-2: Ground out 3-1 (Groundball, 34S, EV 87.5 MPH) Kikuo Sato to third
|
|
Batting: RHB Tze-meng Li
|
0-0: Ball 1-0: Ball 2-0: Ball 3-0: Base on Balls
|
|
Batting: LHB Ryan Lowe
|
0-0: Called Strike Tze-meng Li steals 2nd base 0-1: Swinging Strike 0-2: Ball 1-2: Strikes out looking
|
|
Batting: RHB Hideo Okimura
|
0-0: Ball 1-0: Ball 2-0: Ball 3-0: Called Strike 3-1: Base on Balls
|
|
Batting: SHB Tony Morales
|
0-0: Fly out, F8 (Flyball, 8RXD, EV 95.6 MPH)
|
| Bottom of the 1st over - 0 runs, 1 hit, 0 errors, 3 left on base; Detroit (APP) 0 - Seattle (APP) 0 |
| TOP OF THE 2ND |
|
Detroit (APP) Tigers batting - Pitching for Seattle (APP) Mariners : RHP Luis Castro
|
|
Batting: LHB Tokugoro Adachi
|
0-0: Ball 1-0: Swinging Strike 1-1: Foul Ball, location: 2F 1-2: Foul Ball, location: 2F 1-2: Foul Ball, location: 2F 1-2: Foul Ball, location: 2F 1-2: Ball 2-2: Ground out 4-3 (Groundball, 4, EV 78.1 MPH)
|
|
Batting: SHB Sean Foley
|
0-0: Ball 1-0: Called Strike 1-1: Called Strike 1-2: Fly out, F9 (Flyball, 9D, EV 92.5 MPH)
|
|
Batting: RHB Willie Ochoa
|
0-0: Foul Ball, location: 2F 0-1: Ball 1-1: Ball 2-1: Fly out, F7 (Flyball, 7LM, EV 80.0 MPH)
|
| Top of the 2nd over - 0 runs, 0 hits, 0 errors, 0 left on base; Detroit (APP) 0 - Seattle (APP) 0 |
| BOTTOM OF THE 2ND |
|
Seattle (APP) Mariners batting - Pitching for Detroit (APP) Tigers : RHP Andy Strange
|
|
Batting: RHB Enrique Valdez
|
0-0: Foul Ball, location: 2F 0-1: Swinging Strike 0-2: Strikes out swinging
|
|
Batting: RHB Ivan Davila
|
0-0: Called Strike 0-1: Ball 1-1: Ball 2-1: Ball 3-1: Base on Balls
|
|
Batting: RHB Franklin Romero
|
0-0: Ball 1-0: Foul Ball, location: 2F 1-1: Ball 2-1: Ball 3-1: Base on Balls Ivan Davila to second
|
|
Batting: RHB Kikuo Sato
|
0-0: Called Strike 0-1: Called Strike 0-2: Ball 1-2: Foul Ball, location: 2F 1-2: Foul Ball, location: 2F 1-2: Ball 2-2: Ball 3-2: Base on Balls Ivan Davila to third Franklin Romero to second
|
|
Batting: RHB Mike Conaway
|
0-0: Ball 1-0: Ball 2-0: Called Strike 2-1: Foul Ball, location: 2F 2-2: Foul Ball, location: 2F 2-2: Foul Ball, location: 2F 2-2: Ball 3-2: Grounds into double play, 4-6-3 (Groundball, 4, EV 81.9 MPH)
|
| Bottom of the 2nd over - 0 runs, 0 hits, 0 errors, 2 left on base; Detroit (APP) 0 - Seattle (APP) 0 |
| TOP OF THE 3RD |
|
Detroit (APP) Tigers batting - Pitching for Seattle (APP) Mariners : RHP Luis Castro
|
|
Batting: RHB Billy Verdusco
|
0-0: Ground out U3 (Groundball, 3, EV 85.0 MPH)
|
|
Batting: RHB Cory Wilkins
|
0-0: Called Strike 0-1: Ground out 3-1 (Groundball, 3L, EV 105.6 MPH)
|
|
Batting: RHB Jon Goldstein
|
0-0: Ground out 5-3 (Groundball, 56S, EV 89.4 MPH)
|
| Top of the 3rd over - 0 runs, 0 hits, 0 errors, 0 left on base; Detroit (APP) 0 - Seattle (APP) 0 |
| BOTTOM OF THE 3RD |
|
Seattle (APP) Mariners batting - Pitching for Detroit (APP) Tigers : RHP Andy Strange
|
|
Batting: RHB Tze-meng Li
|
0-0: SINGLE (Groundball, 56S, EV 65.0 MPH) (infield hit)
|
|
Batting: LHB Ryan Lowe
|
0-0: Swinging Strike 0-1: Fielders Choice at 2nd, 5-4 (Groundball, 56, EV 111.3 MPH)
|
|
Batting: RHB Hideo Okimura
|
0-0: Ball 1-0: Ball 2-0: Ball 3-0: Base on Balls Ryan Lowe to second
|
|
Batting: SHB Tony Morales
|
0-0: Grounds into double play, 5-4-3 (Groundball, 56, EV 83.8 MPH)
|
| Bottom of the 3rd over - 0 runs, 1 hit, 0 errors, 1 left on base; Detroit (APP) 0 - Seattle (APP) 0 |
| TOP OF THE 4TH |
|
Detroit (APP) Tigers batting - Pitching for Seattle (APP) Mariners : RHP Luis Castro
|
|
Batting: RHB Brandon O'Malley
|
0-0: Ball 1-0: Foul Ball, location: 2F 1-1: Ball 2-1: Ball 3-1: Foul Ball, location: 2F 3-2: Foul Ball, location: 2F 3-2: Foul Ball, location: 2F 3-2: Ground out U3 (Groundball, 3L, EV 101.9 MPH)
|
|
Batting: LHB Jon Pedlar
|
0-0: Called Strike 0-1: Ball 1-1: Called Strike 1-2: Strikes out swinging
|
|
Batting: LHB Bill Ford
|
0-0: Ball 1-0: Called Strike 1-1: Swinging Strike 1-2: Fly out, F7 (Line Drive, 78M, EV 91.9 MPH)
|
| Top of the 4th over - 0 runs, 0 hits, 0 errors, 0 left on base; Detroit (APP) 0 - Seattle (APP) 0 |
| BOTTOM OF THE 4TH |
|
Seattle (APP) Mariners batting - Pitching for Detroit (APP) Tigers : RHP Andy Strange
|
|
Batting: RHB Enrique Valdez
|
0-0: Called Strike 0-1: Foul Ball, location: 2F 0-2: Ball 1-2: Fly out, F4 (Line Drive, 4, EV 73.1 MPH)
|
|
Batting: RHB Ivan Davila
|
0-0: Ball 1-0: SINGLE (Line Drive, 3D, EV 105.6 MPH)
|
|
Batting: RHB Franklin Romero
|
0-0: Foul Ball, location: 2F 0-1: Ball 1-1: Ball 2-1: Ball 3-1: Base on Balls Ivan Davila to second
|
|
Batting: RHB Kikuo Sato
|
0-0: Ball 1-0: Foul Ball, location: 2F 1-1: Fly out, F8 (Flyball, BS6, EV 93.1 MPH)
|
|
Batting: RHB Mike Conaway
|
0-0: Called Strike 0-1: Ball 1-1: Ground out 4-3 (Groundball, 4, EV 102.5 MPH)
|
| Bottom of the 4th over - 0 runs, 1 hit, 0 errors, 2 left on base; Detroit (APP) 0 - Seattle (APP) 0 |
| TOP OF THE 5TH |
|
Detroit (APP) Tigers batting - Pitching for Seattle (APP) Mariners : RHP Luis Castro
|
|
Batting: LHB Tokugoro Adachi
|
0-0: Ball 1-0: SOLO HOME RUN (Flyball, 7D, EV 96.9 MPH), Distance : 363 ft
|
|
Batting: SHB Sean Foley
|
0-0: Called Strike 0-1: Foul Ball, location: 2F 0-2: Ball 1-2: Foul Ball, location: 2F 1-2: Strikes out swinging
|
|
Batting: RHB Willie Ochoa
|
0-0: Ball 1-0: Foul Ball, location: 2F 1-1: Fly out, F8 (Flyball, 8LM, EV 98.1 MPH)
|
|
Batting: RHB Billy Verdusco
|
0-0: Called Strike 0-1: Ball 1-1: Ball 2-1: Ball 3-1: Fly out, F9 (Flyball, 9S, EV 91.9 MPH)
|
| Top of the 5th over - 1 run, 1 hit, 0 errors, 0 left on base; Detroit (APP) 1 - Seattle (APP) 0 |
| BOTTOM OF THE 5TH |
|
Seattle (APP) Mariners batting - Pitching for Detroit (APP) Tigers : RHP Andy Strange
|
|
Pitching: RHP Jerome Stady
|
|
|
Batting: RHB Tze-meng Li
|
0-0: Foul Ball, location: 2F 0-1: Ball 1-1: Fly out, F8 (Flyball, 8RD, EV 105.6 MPH)
|
|
Batting: LHB Ryan Lowe
|
0-0: Ball 1-0: Ball 2-0: Ball 3-0: Called Strike 3-1: Called Strike 3-2: Foul Ball, location: 2F 3-2: Hit by Pitch
|
|
Batting: RHB Hideo Okimura
|
0-0: Called Strike 0-1: Foul Ball, location: 2F 0-2: Ball Passed Ball! Ryan Lowe to second 1-2: Reached on error, E5 (Groundball, 56, EV 107.5 MPH) Ryan Lowe to third
|
|
Batting: SHB Tony Morales
|
0-0: Ball 1-0: Fielders Choice at 2nd, 4-6 (Groundball, 4, EV 102.5 MPH) Ryan Lowe scores
|
|
Batting: RHB Enrique Valdez
|
0-0: Ball Tony Morales steals 2nd base 1-0: Called Strike 1-1: Ground out 6-3 (Groundball, 6, EV 78.8 MPH)
|
| Bottom of the 5th over - 1 run, 0 hits, 1 error, 1 left on base; Detroit (APP) 1 - Seattle (APP) 1 |
| TOP OF THE 6TH |
|
Detroit (APP) Tigers batting - Pitching for Seattle (APP) Mariners : RHP Luis Castro
|
|
Batting: RHB Cory Wilkins
|
0-0: Called Strike 0-1: Swinging Strike 0-2: Ball 1-2: Strikes out swinging
|
|
Batting: RHB Jon Goldstein
|
0-0: Ground out 5-3 (Groundball, 56, EV 89.4 MPH)
|
|
Batting: RHB Brandon O'Malley
|
0-0: Ball 1-0: Called Strike 1-1: Ground out 6-3 (Groundball, 6, EV 85.6 MPH)
|
| Top of the 6th over - 0 runs, 0 hits, 0 errors, 0 left on base; Detroit (APP) 1 - Seattle (APP) 1 |
| BOTTOM OF THE 6TH |
|
Seattle (APP) Mariners batting - Pitching for Detroit (APP) Tigers : RHP Jerome Stady
|
|
Batting: RHB Ivan Davila
|
0-0: Called Strike 0-1: Foul Ball, location: 2F 0-2: Ground out 5-3 (Groundball, 56, EV 102.5 MPH)
|
|
Batting: RHB Franklin Romero
|
0-0: Ball 1-0: Ball 2-0: Ball 3-0: Fly out, F8 (Line Drive, 8LM, EV 106.3 MPH)
|
|
Batting: RHB Kikuo Sato
|
0-0: Foul Ball, location: 2F 0-1: Ball 1-1: Ball 2-1: Ground out 4-3 (Groundball, 34, EV 80.0 MPH)
|
| Bottom of the 6th over - 0 runs, 0 hits, 0 errors, 0 left on base; Detroit (APP) 1 - Seattle (APP) 1 |
| TOP OF THE 7TH |
|
Detroit (APP) Tigers batting - Pitching for Seattle (APP) Mariners : RHP Luis Castro
|
|
Batting: LHB Jon Pedlar
|
0-0: Ball 1-0: Foul Ball, location: 2F 1-1: Called Strike 1-2: Fly out, F7 (Flyball, 78S, EV 82.5 MPH)
|
|
Batting: LHB Bill Ford
|
0-0: Called Strike 0-1: Fly out, F7 (Flyball, 7D, EV 96.9 MPH)
|
|
Batting: LHB Tokugoro Adachi
|
0-0: Ball 1-0: Swinging Strike 1-1: Foul Ball, location: 2F 1-2: Fly out, F7 (Flyball, 7LM, EV 98.8 MPH)
|
| Top of the 7th over - 0 runs, 0 hits, 0 errors, 0 left on base; Detroit (APP) 1 - Seattle (APP) 1 |
| BOTTOM OF THE 7TH |
|
Seattle (APP) Mariners batting - Pitching for Detroit (APP) Tigers : RHP Jerome Stady
|
|
Pitching: RHP Luis Brown
|
|
|
Batting: RHB Mike Conaway
|
0-0: Ground out 5-3 (Groundball, 56S, EV 75.6 MPH)
|
|
Batting: RHB Tze-meng Li
|
0-0: DOUBLE (Groundball, 5L, EV 94.4 MPH)
|
|
Batting: LHB Ryan Lowe
|
0-0: Intentional Walk
|
|
Batting: RHB Hideo Okimura
|
0-0: Called Strike 0-1: Fly out, F7 (Flyball, 7S, EV 73.8 MPH)
|
|
Batting: SHB Tony Morales
|
0-0: Fly out, F7 (Flyball, 7S, EV 94.4 MPH)
|
| Bottom of the 7th over - 0 runs, 1 hit, 0 errors, 2 left on base; Detroit (APP) 1 - Seattle (APP) 1 |
| TOP OF THE 8TH |
|
Detroit (APP) Tigers batting - Pitching for Seattle (APP) Mariners : RHP Luis Castro
|
|
Batting: SHB Sean Foley
|
0-0: Fly out, F9 (Flyball, 9S, EV 80.6 MPH)
|
|
Batting: RHB Willie Ochoa
|
0-0: Ball 1-0: Ball 2-0: Foul Ball, location: 2F 2-1: Ball 3-1: Base on Balls
|
|
Batting: RHB Billy Verdusco
|
0-0: Called Strike 0-1: Ball 1-1: Called Strike 1-2: Ball 2-2: Ball 3-2: 2-RUN HOME RUN (Flyball, 9D, EV 98.8 MPH), Distance : 373 ft
|
|
Batting: RHB Cory Wilkins
|
0-0: Swinging Strike 0-1: Called Strike 0-2: Ball 1-2: Strikes out swinging
|
|
Batting: RHB Jon Goldstein
|
0-0: Ball 1-0: Ball 2-0: Ball 3-0: Called Strike 3-1: Called Strike 3-2: Reached on error, E6 (Groundball, 6, EV 83.1 MPH)
|
|
Batting: RHB Brandon O'Malley
|
0-0: Called Strike 0-1: Ball 1-1: Ball 2-1: Foul Ball, location: 2F 2-2: Ball 3-2: Strikes out looking
|
| Top of the 8th over - 2 runs, 1 hit, 1 error, 1 left on base; Detroit (APP) 3 - Seattle (APP) 1 |
| BOTTOM OF THE 8TH |
|
Seattle (APP) Mariners batting - Pitching for Detroit (APP) Tigers : RHP Luis Brown
|
|
Batting: RHB Enrique Valdez
|
0-0: Ground out 5-3 (Groundball, 5, EV 86.9 MPH)
|
|
Batting: RHB Ivan Davila
|
0-0: Called Strike 0-1: Ball 1-1: Ball 2-1: Foul Ball, location: 2F 2-2: Strikes out looking
|
|
Batting: RHB Franklin Romero
|
0-0: Ball 1-0: Foul Ball, location: 2F 1-1: Foul Ball, location: 2F 1-2: Ball 2-2: Ball 3-2: Strikes out swinging
|
| Bottom of the 8th over - 0 runs, 0 hits, 0 errors, 0 left on base; Detroit (APP) 3 - Seattle (APP) 1 |
| TOP OF THE 9TH |
|
Detroit (APP) Tigers batting - Pitching for Seattle (APP) Mariners : RHP Luis Castro
|
|
Pitching: LHP Mitch Lewis
|
|
|
Batting: LHB Jon Pedlar
|
0-0: Foul Ball, location: 2F 0-1: Ball 1-1: Foul Ball, location: 2F 1-2: Strikes out looking
|
|
Batting: LHB Bill Ford
|
0-0: Ball 1-0: Ball 2-0: Foul Ball, location: 2F 2-1: SINGLE (Groundball, 3S, EV 63.8 MPH) (infield hit)
|
|
Batting: LHB Tokugoro Adachi
|
0-0: Ball 1-0: Ball 2-0: Ball 3-0: Called Strike 3-1: Foul Ball, location: 2F 3-2: Foul Ball, location: 2F 3-2: Base on Balls Bill Ford to second
|
|
Batting: SHB Sean Foley
|
0-0: Called Strike 0-1: Ball 1-1: Foul Ball, location: 2F 1-2: Strikes out swinging
|
|
Pitching: RHP In Bea
|
|
|
Batting: RHB Willie Ochoa
|
0-0: Ball 1-0: Called Strike 1-1: Foul Ball, location: 2F 1-2: Strikes out swinging
|
| Top of the 9th over - 0 runs, 1 hit, 0 errors, 2 left on base; Detroit (APP) 3 - Seattle (APP) 1 |
| BOTTOM OF THE 9TH |
|
Seattle (APP) Mariners batting - Pitching for Detroit (APP) Tigers : RHP Luis Brown
|
|
Pitching: RHP Kyle Moore
|
|
|
Batting: RHB Kikuo Sato
|
0-0: Ball 1-0: Ball 2-0: Called Strike 2-1: Ground out U3 (Groundball, 3, EV 81.3 MPH)
|
|
Batting: RHB Mike Conaway
|
0-0: Ball 1-0: Ground out 5-3 (Groundball, 5L, EV 90.0 MPH)
|
|
Batting: RHB Tze-meng Li
|
0-0: Ball 1-0: Ball 2-0: Ball 3-0: Base on Balls
|
|
Batting: LHB Ryan Lowe
|
0-0: Ball 1-0: Foul Ball, location: 2F 1-1: Ball 2-1: Foul Ball, location: 2F 2-2: Foul Ball, location: 2F 2-2: Fielders Choice at 2nd, U4 (Groundball, 4M, EV 96.9 MPH)
|
| Bottom of the 9th over - 0 runs, 0 hits, 0 errors, 1 left on base; Detroit (APP) 3 - Seattle (APP) 1 |
|